 Dungeon Crawl Stone Soup version 0.23.0 (webtiles) character file.

Game seed: 3137455272173800633

2 Monsterracer the Grave Robber (level 1, 0/14 HPs)
             Began as a Centaur Necromancer on Feb 9, 2019.
             Slain by a jackal (1 damage)
             ... on level 1 of the Dungeon.
             The game lasted 00:02:08 (182 turns).

Monsterracer the Grave Robber (Centaur Necromancer)  Turns: 182, Time: 00:02:09

Health: 0/14       AC:  4    Str: 10    XL:     1   Next: 33%
Magic:  3/3        EV:  9    Int: 14    God:
Gold:   0          SH:  0    Dex:  9    Spells: 2/3 levels left

rFire    . . .     SeeInvis .   (no weapon)
rCold    . . .     Gourm    .   (no shield)
rNeg     . . .     Faith    .   a - +0 robe
rPois    .         Spirit   .   (no helmet)
rElec    .         Reflect  .   (no cloak)
rCorr    .         Harm     .   (no gloves)
MR       .....                  (no barding)
Stlth    +.........             (no amulet)
HPRegen  0.04/turn              (no ring)
MPRegen  0.08/turn              (no ring)

@: very quick
A: large, hooves 3, deformed body, speed 2, tough skin 3
a: no special abilities


You were on level 1 of the Dungeon.
You were not hungry.

You visited 1 branch of the dungeon, and saw 1 of its levels.

Inventory:

Armour
 a - a +0 robe (worn)
Scrolls
 f - a scroll of identify
Comestibles
 c - a ration


   Skills:
 - Level 1.3 Dodging
 - Level 1.1 Stealth
 * Level 0.8 Unarmed Combat
 - Level 1.5 Spellcasting
 - Level 3.6 Necromancy


You had 2 spell levels left.
You knew the following spells:

 Your Spells              Type           Power        Failure   Level  Hunger
a - Pain                  Necr           ##..         6%          1    ##.....

Your spell library contained the following spells:

 Spells                   Type           Power        Failure   Level  Hunger
 Animate Skeleton         Necr           N/A          6%          1    ##.....
 Vampiric Draining        Necr           ##........   17%         3    ####...
 Regeneration             Chrm/Necr      #.........   34%         3    ####...
 Animate Dead             Necr           N/A          50%         4    #####..


Dungeon Overview and Level Annotations

Branches:
Dungeon (1/15)

Altars:


Innate Abilities, Weirdness & Mutations

You have hooves in place of feet.
Armour fits poorly on your strangely shaped body.
You cover ground very quickly.
You have extremely tough skin. (AC +3)


Message History

You barely miss the rat. The rat bites you but does no damage.
A rat is nearby!
You closely miss the rat. The rat closely misses you.
A rat is nearby!
You barely miss the rat. The rat bites you but does no damage.
A rat is nearby!
You hit the rat but do no damage. You kick the rat.
You kill the rat!
You see here a rat corpse.
b - 2 scrolls labeled UVAAK OLLISOCI No target in view!
No target in view!
Saving game... please wait.
Welcome back, Monsterracer the Centaur Necromancer.
Press ? for a list of commands and other information.
A jackal comes into view.
The jackal barks!
You hear a bark!
The jackal moves out of view.
A jackal comes into view.
A jackal is nearby!
The jackal barks!
You hear a shout!
A jackal comes into view.
Casting: Pain (safe; 6% risk of failure)
Confirm with . or Enter, or press ? or * to list all spells.
Aiming: Pain (safe; 6% risk of failure)
Press: ? - help, Shift-Dir - straight line, f - jackal
Aim: a jackal (chance to defeat MR: 80%)
The jackal writhes in agony.
You take 1 damage, and have 13/14 hp.
You now have 2/3 mp.
Casting: Pain (safe; 6% risk of failure)
Confirm with . or Enter, or press ? or * to list all spells.
Aiming: Pain (safe; 6% risk of failure)
Press: ? - help, Shift-Dir - straight line, f/p - jackal
Aim: a jackal (almost dead, chance to defeat MR: 80%)
The jackal writhes in agony.
You kill the jackal!
You take 1 damage, and have 12/14 hp.
You now have 1/3 mp.
Casting: Pain (safe; 6% risk of failure)
Confirm with . or Enter, or press ? or * to list all spells.
Aiming: Pain (safe; 6% risk of failure)
Press: ? - help, Shift-Dir - straight line, f - jackal
Aim: a jackal (chance to defeat MR: 80%)
The jackal writhes in agony.
You take 1 damage, and have 11/14 hp.
You now have 0/3 mp.
You barely miss the jackal.
The jackal is lightly wounded.
The jackal bites you. The jackal barely misses you. The jackal bites you.
* * * LOW HITPOINT WARNING * * *
You take 4 damage, and have 7/14 hp.
MASSIVE DAMAGE!!
The jackal bites you.
* * * LOW HITPOINT WARNING * * *
You take 3 damage, and have 4/14 hp.
MASSIVE DAMAGE!!
You see here a rat corpse.
MP restored: 3
Casting: Pain (safe; 6% risk of failure)
Confirm with . or Enter, or press ? or * to list all spells.
Aiming: Pain (safe; 6% risk of failure)
Press: ? - help, Shift-Dir - straight line, f/p - jackal
Aim: a jackal (chance to defeat MR: 80%)
The jackal barely resists.
You take 1 damage, and have 5/14 hp.
You now have 2/3 mp.
Casting: Pain (safe; 6% risk of failure)
Confirm with . or Enter, or press ? or * to list all spells.
Aiming: Pain (safe; 6% risk of failure)
Press: ? - help, Shift-Dir - straight line, f/p - jackal
Aim: a jackal (chance to defeat MR: 80%)
The jackal writhes in agony.
The jackal bites you but does no damage.
You take 1 damage, and have 4/14 hp.
You now have 1/3 mp.
You barely miss the jackal. Your kick misses the jackal.
The jackal is moderately wounded.
The jackal bites you but does no damage.
You barely miss the jackal.
The jackal is moderately wounded.
The jackal bites you but does no damage.
The jackal bites you.
* * * LOW HITPOINT WARNING * * *
You take 2 damage, and have 2/14 hp.
You hit the jackal but do no damage.
The jackal is moderately wounded.
The jackal completely misses you.
You aren't carrying any potions.
You see here a rat corpse.
A goblin comes into view. It is wielding a +0 club.
The goblin shouts!
You open the large door. The jackal closely misses you.
MP restored: 3
There is a large open door here.
A kobold comes into view.
The kobold shouts!
The jackal bites you.
* * * LOW HITPOINT WARNING * * *
You take 2 damage, and have 1/14 hp.
You aren't carrying any potions.
As you read the scroll labeled UVAAK OLLISOCI, it crumbles to dust.
It is a scroll of identify.
You don't have any unidentified items.
f - a scroll of identify The jackal bites you.
You die...

#≈.≈≈.≈≈≈..≈# #.
#≈.≈≈..≈..≈≈# #.
#≈..≈≈...≈≈≈##### #.
#≈≈..≈≈≈≈≈≈.#...# #.
##≈≈.......8..#.# #.
#####''###...#.# #.
#...# #####h# #.
...######h### #.# #.
....K..@h.#########.#
##
...#########....h...#
# #######.######## #
#.......# #
########.####### #
........†# #
#######.## # #.## #
#..# #


You could see 2 jackals and a kobold.

Vanquished Creatures
  A jackal (D:1)
  2 rats (D:1)
3 creatures vanquished.

Notes
Turn   | Place    | Note
-------+----------+-------------------------------------------
     0 | D:1      | Monsterracer the Centaur Necromancer began the quest for
                  | the Orb.
     0 | D:1      | Reached XP level 1. HP: 14/14 MP: 3/3
    92 | D:1      | HP: 7/14 [jackal (1)]
   148 | D:1      | HP: 2/14 [jackal (2)]
   180 | D:1      | HP: 1/14 [jackal (2)]
   182 | D:1      | Slain by a jackal

Action                   || total
-------------------------++-------
Melee: Unarmed           ||    12
       Kick              ||     1
 Cast: Pain              ||     5
  Use: Scroll            ||     1
Armor: Robe              ||     6
Dodge: Dodged            ||     6

Levels and vault maps discovered:
D:1:      psy_arrival_whirlpool, layout_loops_ring, minmay_tetromino_t4
